 Dungeon Crawl Stone Soup version 0.23-a0-550-g7de1f8e (console) character file.

36 Duffy the Skirmisher (level 3, 0/34 HPs)
             Began as a Naga Fighter on Dec 8, 2018.
             Slain by an adder (1 damage)
             ... on level 3 of the Dungeon.
             The game lasted 00:00:35 (695 turns).

Duffy the Skirmisher (Naga Fighter)                  Turns: 695, Time: 00:00:35

Health: 0/34       AC:  4    Str: 19    XL:     3   Next: 37%
Magic:  3/3        EV:  5    Int:  8    God:
Gold:   18         SH:  9    Dex: 10    Spells: 2/2 levels left

rFire    . . .     SeeInvis +   a - +0 war axe
rCold    . . .     Gourm    .   c - +0 shield
rNeg     . . .     Faith    .   b - +0 scale mail
rPois    +         Spirit   .   (no helmet)
rElec    .         Reflect  .   (no cloak)
rCorr    .         Harm     .   (no gloves)
MR       .....                  (no barding)
Stlth    ..........             (no amulet)
HPRegen  0.11/turn              (no ring)
MPRegen  0.08/turn              (no ring)

@: very slow
A: large, see invisible, deformed body, poison resistance, slowness 2, slow
metabolism 1, spit poison 1, AC +1
a: Spit Poison


You were on level 3 of the Dungeon.
You were not hungry.

You visited 1 branch of the dungeon, and saw 3 of its levels.

You collected 18 gold pieces.

Inventory:

Hand Weapons
 a - a +0 war axe (weapon)
Armour
 b - a +0 scale mail (worn)
 c - a +0 shield (worn)
Scrolls
 e - a scroll of magic mapping {unknown}
 g - a scroll of teleportation {unknown}
 h - a scroll of identify {unknown}
Potions
 d - a potion of might
Comestibles
 f - 2 rations


   Skills:
 - Level 3.0 Fighting
 + Level 2.9 Axes
 - Level 2.4 Armour
 + Level 3.0 Shields


You had 2 spell levels left.
You didn't know any spells.
Your spell library was empty.

Dungeon Overview and Level Annotations

Branches:
Dungeon (3/15)

Altars:


Innate Abilities, Weirdness & Mutations

You cannot wear boots.
Your serpentine skin is tough. (AC +1)
You have supernaturally acute eyesight. (SInv)
Armour fits poorly on your strangely shaped body.
Your system is resistant to poisons. (rPois)
You cover ground very slowly.
You have a slow metabolism.
You can spit poison.


Message History

The jackal bites you but does no damage.
You hit the jackal.
The jackal is moderately wounded.
The jackal barely misses you.
The jackal bites you but does no damage.
You closely miss the jackal.
The jackal is moderately wounded.
The jackal completely misses you. The jackal barely misses you.
Your shield and scale mail prevent you from hitting the jackal.
The jackal is moderately wounded.
The jackal barely misses you. You block the jackal's attack.
You hit the jackal but do no damage. The jackal bites you.
You block the jackal's attack.
You slash the jackal!
You kill the jackal!
The adder barely misses you.
You closely miss the adder.
The adder is heavily wounded.
The adder bites you.
You die...

# #....... #.
#...... ##.##.....
#........
#.......#
###....%..#
#......)..# #
.........###.#####
##.....(hS@.......
#.......###.#####
#.......# #
#...(<..#
#########


You could see an adder and a jackal.

Vanquished Creatures
  An adder (D:2)
  A dart slug (D:3)
  An orc (D:3)
  3 bats
  A giant cockroach (D:1)
  4 goblins
  A hobgoblin (D:2)
  2 jackals (D:3)
  4 kobolds
  A quokka (D:3)
  A frilled lizard (D:1)
  A rat (D:2)
21 creatures vanquished.

Notes
Turn   | Place    | Note
-------+----------+-------------------------------------------
     0 | D:1      | Duffy the Naga Fighter began the quest for the Orb.
     0 | D:1      | Reached XP level 1. HP: 21/21 MP: 1/1
    30 | D:1      | Reached XP level 2. HP: 11/28 MP: 2/2
   476 | D:2      | Reached XP level 3. HP: 34/34 MP: 3/3
   693 | D:3      | HP: 1/34 [jackal (3)]
   695 | D:3      | Slain by an adder

Vault maps used:
D:1:      dpeg_arrival_rooms_c, kennysheep_crisscross
D:2:      serial_forest, infiniplex_forest_zigzag_1, infiniplex_forest_end_3,
          infiniplex_forest_split, infiniplex_forest_straight_2,
          infiniplex_forest_pool, infiniplex_forest_clump_long,
          infiniplex_forest_clump_diagonal, infiniplex_forest_clump_double,
          infiniplex_forest_diagonal

Skill      XL: |  1  2  3 |
---------------+----------+-----
Shields        | 3 |  3.0
Fighting       | |  3.0
Axes           | |  2.9
Armour         | |  2.4

Action                   || total
-------------------------++-------
Melee: War axe           ||    61
Armor: Scale mail        ||    46
Dodge: Dodged            ||    25
Block: Shield            ||    46

Table legend:
 A = Non-vault XP
 B = Vault XP
 C = Vault XP percentage of total XP
 D = Non-vault monster count
 E = Vault monster count
 F = Vault count percentage of total count
                 A         B        C        D         E       F
            +---------+---------+-------+---------+---------+-------
      Total |      52 |       0 |   0.0 |      21 |       0 |   0.0
            +---------+---------+-------+---------+---------+-------
        D:1 |      11 |       0 |   0.0 |       7 |       0 |   0.0
        D:2 |      23 |       0 |   0.0 |       6 |       0 |   0.0
        D:3 |      18 |       0 |   0.0 |       8 |       0 |   0.0
            +---------+---------+-------+---------+---------+-------
